nht, chaotic female elven Wizard ----- #######* |...| # |>...#### |..{|## |...|## ---------------- --.--# |...........b... # # |..y.......<...| #### |..............| ## #@e.............. ############ ###---------------- #----------.----- # +...............## |..............| |..............| |............... ---------------- nht the Thaumaturge Experience level: 7 Strength: 11 Dexterity: 11 Constitution: 15 Intelligence: 19 Wisdom: 9 Charisma: 11 Health: 0(56) Energy: 78(78) Def: 3 Gold: 473 Moves: 1225 Dungeon seed: l4o14llucDUKQIXr Game ID: nht_1432060685 Your Inventory: Coins $ - 473 gold pieces Weapons a - a blessed +1 quarterstaff (weapon in hands) Armor e - an uncursed +0 cloak of magic resistance (being worn) n - an uncursed +1 pair of water walking boots (being worn) y - an uncursed +0 pair of elven boots Comestibles I - an uncursed tripe ration Scrolls j - an uncursed scroll of earth k - 3 uncursed scrolls of identify s - an uncursed scroll of amnesia x - an uncursed scroll of gold detection D - an uncursed scroll of confuse monster S - an uncursed scroll of destroy armor U - a cursed scroll of earth Z - a blessed scroll of create monster Spellbooks l - a blessed spellbook of blank paper Potions f - an uncursed potion of monster detection h - a potion of unholy water named c/b r - an uncursed potion of blindness w - 5 uncursed potions of water named u J - an uncursed potion of healing Rings c - an uncursed +1 ring of increase damage d - an uncursed ring of free action u - a cursed ring of teleportation X - an uncursed +1 ring of increase accuracy Wands E - a wand of cold (0:4) F - a wand of sleep (0:1) G - a wand of magic missile (0:4) K - a wand of striking (0:6) Tools b - an uncursed sack i - an uncursed oil lamp (lit) (0:1341) o - a magic marker (0:3) p - an uncursed wooden flute q - a crystal ball (0:5) t - an uncursed blindfold v - an uncursed skeleton key L - 5 uncursed tallow candles (0:200) P - 2 uncursed wax candles (0:400) Q - 6 cursed wax candles (0:400) V - an uncursed lock pick W - a bag of tricks (0:1) Y - an uncursed oil lamp (0:1428) Gems M - an uncursed worthless piece of blue glass N - 2 uncursed worthless pieces of violet glass O - 3 uncursed worthless pieces of white glass T - 2 uncursed fluorite stones Spells known in the end: Name Level Category Fail Memory a - force bolt 1 attack 0% 94% b - magic missile 2 attack 0% 94% c - confuse monster 2 enchantment 0% 94% d - extra healing 3 healing 71% 98% Your skills at the end: Fighting Skills Weapon Skills quarterstaff [Skilled] Spellcasting Skills attack spells [Basic] enchantment spells [Basic] Final Attributes: You were fervently aligned. You were sleep resistant. You were magic-protected. You had infravision. You could walk on water. You are dead. Vanquished creatures: a shopkeeper a giant mimic a small mimic a djinni a gnome king a dwarf lord 3 gnome lords 2 gnomish wizards 5 dwarves a monkey an iguana 3 killer bees a coyote 2 hobbits a green mold 18 gnomes 3 jackals a fox 2 kobolds a goblin 2 newts 52 creatures vanquished. Voluntary challenges: You followed a strict vegan diet. You used a wielded weapon 80 times, starting on turn 72. You read items or engraved 23 times, starting on turn 337. You never genocided any monsters. You never polymorphed an object. You never changed form. You used no wishes. You never split a pudding. You wrote Elbereth's name 6 times, starting on turn 362. You violated your moral code, losing 7 points of alignment, starting on turn 904. You disabled loading bones files. Dungeon overview: The Dungeons of Doom: levels 1 to 3 Level 1 an altar to Ptah a long staircase Level 2 a delicatessen Level 3 <- You were here a fountain stairs to The Gnomish Mines The Gnomish Mines: levels 4 to 6 Level 4 stairs to The Dungeons of Doom Level 5 Level 6 many shops, a temple to Thoth, some fountains History has recorded: On T:1 you entered the Dungeons of Doom to retrieve the Amulet of Yendor! On T:159 you reached level 2 of The Dungeons of Doom. On T:237 you advanced to experience level 2. On T:304 you reached level 3 of The Dungeons of Doom. On T:365 you reached level 1 of The Gnomish Mines. On T:377 you advanced to experience level 3. On T:410 you advanced to experience level 4. On T:472 you reached level 2 of The Gnomish Mines. On T:480 you advanced to experience level 5. On T:725 you reached level 3 of The Gnomish Mines. On T:832 you advanced to experience level 6. On T:929 you advanced to experience level 7. Score breakdown: Gold: 473 ( 9102 points) Experience: 7 levels (13645 points) Exploration: 6 levels ( 12.24%) ( 9682 points) Discoveries: 15 items ( 5.43%) ( 6993 points) Valuables value: (no points given unless you survive) Artifact value: 0 ( 0 points) Variety of kills: 21 monsters ( 5.54%) ( 7061 points) Time penalty: 1225 turns ( 0 points) Survival: died (score multiplied by 80%) Total score: 37186 Latest messages: You miss the djinni. The djinni hits! V - an uncursed lock pick. Y - an uncursed magic lamp. b - an uncursed sack. A bag of tricks lands on the altar. A magic lamp lands on the altar. i - an uncursed lamp (lit). T - 2 uncursed blue gems. M - an uncursed blue gem. N - 2 uncursed violet gems. O - 3 uncursed white gems. 2 blue gems land on the altar. You sold a dwarvish cloak for 25 gold pieces. You drop a dwarvish cloak. You sold a dwarvish cloak for 25 gold pieces. You drop a potion of gain energy (unpaid, 150 zorkmids). You drop an uncursed potion of levitation. You sold an uncursed potion of levitation for 100 gold pieces. You drop a lamp (lit). You hit the floating eye! As you meet its deep, meaningful gaze, you feel its suffering as though it were your own. You die... Final status: Goodbye nht the Wizard, killed by vicarious suffering... You died in The Dungeons of Doom on dungeon level 3 with 37186 points, and 473 pieces of gold, after 1225 moves. You were level 7 with a maximum of 56 hit points when you died.